[Event "28th North American Open"]
[Site "Las Vegas"]
[Date "2018.12.29"]
[Round "8.4"]
[White "Hong, Andrew"]
[Black "Demuth, Adrien"]
[Result "1/2-1/2"]
[ECO "C41"]
[WhiteElo "2390"]
[BlackElo "2517"]
[PlyCount "99"]
[EventDate "2018.12.??"]
[EventType "swiss"]
[EventRounds "9"]
[EventCountry "USA"]
[TimeControl "6600+10"]
[WhiteClock "0:02:11"]
[BlackClock "0:15:42"]

1. e4 e5 2. Nf3 d6 3. d4 exd4 4. Nxd4 Nf6 5. Nc3 Be7 6. Bf4 O-O 7. Qd2 d5 8. Ndb5 Bb4 9. exd5 Re8+ 10. Be2 Ne4 11. Qd3 Bf5 12. Qc4 Nxc3 13.
bxc3 Bd6 14. Bxd6 cxd6 15. O-O Bxc2 16. Rfe1 Na6 17. Qf4 Re5 18. Nd4 Qe7 19. Qd2 Ba4 20. Bxa6 bxa6 21. Nf3 Rxe1+ 22. Rxe1 Qf6 23. c4 Bd7 24. Qe3 h6 25. h3 Rc8 26. Qe7 Qxe7 27. Rxe7 Rd8 28. Nd2 Kf8 29. Re3 Rb8 30. Rb3 Rb6 31. Kf1 Ba4 32. Ra3 Bc2 33. Ke2 Ke7 34. Ke3 Kd7 35. Kd4 Bg6 36. Kc3 Kc7 37. Rb3 Kd7 38. Rb2 Kc7 39. a4 Rxb2 40. Kxb2 Kb6 41. Nb3 a5 42. Kc3 Bf5 43. Kd4 Bc2 44. c5+ dxc5+ 45. Nxc5 h5 46. h4 Bf5 47. Kc4 Kc7 48. Kd4 Kb6 49. Kc4 Kc7 50. Kd4 1/2-1/2

[Event "28th North American Open"]
[Site "Las Vegas"]
[Date "2018.12.29"]
[Round "8"]
[White "Yanayt, Eugene"]
[Black "Patel, Advait"]
[Result "0-1"]
[ECO "E98"]
[WhiteElo "2122"]
[BlackElo "2455"]
[PlyCount "64"]
[EventDate "2018.12.??"]
[EventType "swiss"]
[EventRounds "9"]
[EventCountry "USA"]
[TimeControl "6600+10"]
[WhiteClock "0:13:22"]
[BlackClock "0:07:27"]

1. d4 Nf6 2. c4 g6 3. Nc3 Bg7 4. e4 d6 5. Nf3 O-O 6. Be2 e5 7. O-O Nc6 8. d5 Ne7 9. Ne1 Nd7 10. Be3 f5 11. f3 f4 12. Bf2 g5 13. Rc1 Rf6 14. Nd3 b6 15.
b4 Rh6 16. Be1 Nf6 17. c5 a6 18. Nf2 Rg6 19. Bd2 h5 20. h3 Kh8 21. Na4 b5 22. Nc3 Neg8 23. a4 Nh6 24. axb5 g4 25. fxg4 hxg4 26. hxg4 Nfxg4 27. Qe1 Bf6 28. Bxg4 Nxg4 29. Nh1 Qg8 30. Qe2 Qh7 31. g3 Rh6 32. Qg2 Rh2 0-1

[Event "28th North American Open"]
[Site "Las Vegas"]
[Date "2018.12.29"]
[Round "8"]
[White "Balakrishnan, Praveen"]
[Black "Daggupati, Balaji"]
[Result "1-0"]
[ECO "C84"]
[WhiteElo "2418"]
[BlackElo "2256"]
[PlyCount "87"]
[EventDate "2018.12.??"]
[EventType "swiss"]
[EventRounds "9"]
[EventCountry "USA"]
[TimeControl "6600+10"]
[WhiteClock "0:03:13"]
[BlackClock "0:28:37"]

1. e4 e5 2. Nf3 Nc6 3. Bb5 a6 4. Ba4 Nf6 5. O-O Be7 6. d3 b5 7. Bb3 d6 8. a3 O-O 9. Nc3 Na5 10. Ba2 c5 11. Nd5 Be6 12. b4 Nc6 13.
c3 Re8 14. Ng5 cxb4 15. Nxe6 fxe6 16. Nxb4 Nxb4 17. Bxe6+ Kh8 18. cxb4 d5 19. exd5 Nxd5 20. Bf5 g6 21. Be4 Nc3 22. Qg4 Nxe4 23. dxe4 a5 24. Bb2 axb4 25. Bxe5+ Bf6 26. Rad1 Qe7 27. Bxf6+ Qxf6 28. axb4 Ra4 29. Qd7 Rxe4 30. Qc8+ Kg7 31. Qb7+ Re7 32. Qxb5 Ra2 33. Rb1 Qd4 34. Rbd1 Qf6 35. h3 Rb2 36. Rb1 Rc2 37. Rb3 Re1 38. Rf3 Rxf1+ 39. Qxf1 Qg5 40. Qa1+ Kh6 41. Qh8 Qc1+ 42. Kh2 Rc8 43. Qf6 Qc7+ 44. Rf4 1-0

[Event "28th North American Open"]
[Site "Las Vegas"]
[Date "2018.12.29"]
[Round "8"]
[White "Mulyar, Michael"]
[Black "Andersen, Gunnar"]
[Result "1-0"]
[ECO "E66"]
[WhiteElo "2398"]
[BlackElo "2194"]
[PlyCount "47"]
[EventDate "2018.12.??"]
[EventType "swiss"]
[EventRounds "9"]
[EventCountry "USA"]
[TimeControl "6600+10"]
[WhiteClock "1:13:24"]
[BlackClock "1:18:10"]

1. d4 Nf6 2. Nf3 g6 3. c4 Bg7 4. g3 O-O 5. Bg2 d6 6. O-O c5 7. Nc3 Nc6 8. d5 Na5 9. Nd2 a6 10. Qc2 Bd7 11. a4 Rb8 12. b3 b5 13.
axb5 axb5 14. cxb5 Ne8 15. Nc4 Rxb5 16. Nxb5 Bxa1 17. Nc3 Nxc4 18. bxc4 Qa5 19. Bd2 Nf6 20. Na2 Qa6 21. Rxa1 Ra8 22. h3 Ba4 23. Qc3 Be8 24. Bc1 1-0

[Event "28th North American Open"]
[Site "Las Vegas"]
[Date "2018.12.29"]
[Round "8"]
[White "Karthik Venkataraman"]
[Black "Ramer, Scott"]
[Result "1-0"]
[ECO "C97"]
[WhiteElo "2527"]
[BlackElo "2200"]
[PlyCount "127"]
[EventDate "2018.12.??"]
[EventType "swiss"]
[EventRounds "9"]
[EventCountry "USA"]
[TimeControl "6600+10"]
[WhiteClock "0:26:14"]
[BlackClock "0:01:39"]

1. e4 e5 2. Nf3 Nc6 3. Bb5 a6 4. Ba4 Nf6 5. O-O Be7 6. Re1 b5 7. Bb3 d6 8. c3 O-O 9. h3 Na5 10. Bc2 c5 11. d4 Qc7 12. Nbd2 Bd7 13.
Nf1 Nc4 14. b3 Nb6 15. d5 Rfc8 16. a4 c4 17. axb5 cxb3 18. Bxb3 axb5 19. Rxa8 Rxa8 20. Qd3 h6 21. Ng3 Bf8 22. Ne2 Be8 23. Nh4 g6 24. Rf1 Nbd7 25. Bc2 Nc5 26. Qe3 Ra2 27. Bb1 Ra4 28. f3 Qe7 29. g3 Bd7 30.
Kh2 Bg7 31. Ng2 Bc8 32. Qf2 Qd7 33. g4 Qc7 34. Ng3 Ba6 35.
Rd1 Qa5 36. Bd2 Nfd7 37. h4 Ra1 38. h5 Nd3 39. Qa7 Nf8 40.
Ne3 Rxb1 41. Rxb1 Qa2 42. Rd1 Nf2 43. Re1 b4 44. Ng2 b3 45.
Qxf2 b2 46. Qb6 Bd3 47. Qxd6 b1=Q 48. Rxb1 Bxb1 49. Be3 Bc2 50. Kh3 Bd1 51. Ne1 Qa1 52. Qb4 Be2 53. Bf2 Qa2 54. Kg2 Bc4 55. Nc2 Bd3 56. Ne3 Bf6 57. Nd1 Qd2 58. Nb2 Be2 59. Na4 Bd1 60. Nb2 Be2 61. Nc4 Qd3 62. Nxe2 Qxe2 63. Qb6 Nd7 64. Qa7 1-0

[Event "28th North American Open"]
[Site "Las Vegas"]
[Date "2018.12.29"]
[Round "8"]
[White "Vivekananthan, Anish"]
[Black "Zhang, Chao"]
[Result "0-1"]
[ECO "C45"]
[WhiteElo "2294"]
[BlackElo "2225"]
[PlyCount "104"]
[EventDate "2018.12.??"]
[EventType "swiss"]
[EventRounds "9"]
[EventCountry "USA"]
[TimeControl "6600+10"]
[WhiteClock "0:03:24"]
[BlackClock "0:01:23"]

1. e4 e5 2. Nf3 Nc6 3. Nc3 Nf6 4. d4 exd4 5. Nxd4 Bb4 6.
Nxc6 bxc6 7. Bd3 d5 8. exd5 O-O 9. O-O cxd5 10. h3 c6 11.
Qf3 Rb8 12. Bf4 Bd6 13. b3 Rb4 14. Bxd6 Qxd6 15. a3 Rb8 16.
Qg3 Qxg3 17. fxg3 Be6 18. Na4 Nd7 19. b4 Rfc8 20. Rab1 g6 21.
Rfc1 c5 22. Nxc5 Nxc5 23. bxc5 Rxb1 24. Rxb1 Rxc5 25. Rb5 Rxb5 26. Bxb5 d4 27. Kf2 Kg7 28. g4 Kf6 29. Bd3 h6 30. Kf3 Ke5 31. Kf2 g5 32. g3 Bd5 33. Bf1 Be4 34. Bd3 Bc6 35. Bf1 Kd6 36.
Ke1 Kc5 37. Kd2 Bd5 38. Kc1 Bc4 39. Bd3 Bb5 40. Kd2 Bc6 41.
Bf1 Bf3 42. Ke1 Be4 43. Kd2 Kd5 44. Kd1 Ke5 45. Kd2 Bf3 46.
Kd3 h5 47. gxh5 Bxh5 48. Kd2 f5 49. Ke1 f4 50. g4 Bg6 51.
Bd3 Bxd3 52. cxd3 f3 0-1

[Event "28th North American Open"]
[Site "Las Vegas"]
[Date "2018.12.29"]
[Round "8"]
[White "Calugar, Arthur"]
[Black "Peng, Shunkai"]
[Result "1-0"]
[ECO "B90"]
[WhiteElo "2208"]
[BlackElo "2285"]
[PlyCount "87"]
[EventDate "2018.12.??"]
[EventType "swiss"]
[EventRounds "9"]
[EventCountry "USA"]
[TimeControl "6600+10"]
[WhiteClock "0:13:21"]
[BlackClock "0:04:40"]

1. e4 c5 2. Nf3 d6 3. d4 cxd4 4. Nxd4 Nf6 5. Nc3 a6 6. f3 e5 7. Nb3 Be6 8. Be3 h5 9. Qd2 Nbd7 10. Nd5 Bxd5 11. exd5 g6 12. Be2 Bg7 13. O-O O-O 14. c4 a5 15. Rac1 a4 16. Na1 Qa5 17. Nc2 Qxd2 18.
Bxd2 Rfc8 19. Na3 e4 20. Nb5 exf3 21. gxf3 Ne8 22. Rc2 Ra6 23. Be3 Bf6 24. Rfc1 Bd8 25. Kg2 Nc5 26. Rb1 Ba5 27. Bf4 Kf8 28. Kg3 Rd8 29. Bf1 Bb4 30. Re2 Kg7 31. h4 Raa8 32. Bh3 Nd3 33.
Re7 Bc5 34. Bg5 Nf6 35. Nc7 Ng8 36. Ne6+ Kh8 37. Nxd8 Nxe7 38. Bxe7 Kg8 39. Nxb7 Bf2+ 40. Kg2 Re8 41. Bxd6 Bxh4 42. Kf1 Re3 43. Bg2 g5 44. c5 1-0

[Event "28th North American Open"]
[Site "Las Vegas"]
[Date "2018.12.29"]
[Round "8"]
[White "Kollar, Romain"]
[Black "Asaria, Danial"]
[Result "0-1"]
[ECO "B90"]
[WhiteElo "2180"]
[BlackElo "2328"]
[PlyCount "64"]
[EventDate "2018.12.??"]
[EventType "swiss"]
[EventRounds "9"]
[EventCountry "USA"]
[TimeControl "6600+10"]
[WhiteClock "0:13:17"]
[BlackClock "0:03:49"]

1. e4 c5 2. Nf3 d6 3. d4 cxd4 4. Nxd4 Nf6 5. Nc3 a6 6. f3 e5 7. Nb3 Be6 8. Be3 h5 9. Qd2 Nbd7 10. O-O-O Rc8 11. Kb1 b5 12. Nd5 Bxd5 13. exd5 Nb6 14. Bxb6 Qxb6 15. Bd3 g6 16. Qg5 Be7 17. Qd2 Kf8 18. Rhe1 Kg7 19. h3 Qc7 20. Rc1 Nxd5 21. c4 Nf4 22. cxb5 Qb6 23. bxa6 Nxd3 24. Qxd3 Ra8 25. Nd2 Rhb8 26. Rc2 Rxa6 27. Nc4 Qa7 28. b3 Bf6 29. Qe3 Qb7 30. Rd1 e4 31. Rcd2 Qb5 32. Nxd6 Qe5 0-1

[Event "28th North American Open"]
[Site "Las Vegas"]
[Date "2018.12.29"]
[Round "8"]
[White "Chua, Alexander"]
[Black "Zavortink, Matt"]
[Result "1-0"]
[ECO "D30"]
[WhiteElo "2291"]
[BlackElo "2160"]
[PlyCount "60"]
[EventDate "2018.12.??"]
[EventType "swiss"]
[EventRounds "9"]
[EventCountry "USA"]
[TimeControl "6600+10"]
[WhiteClock "0:41:04"]
[BlackClock "0:03:24"]

1. d4 d5 2. c4 e6 3. Nf3 Nf6 4. g3 Bb4+ 5. Bd2 Be7 6. Bg2 O-O 7. O-O Nbd7 8. Qc2 c6 9. Rd1 b6 10. b3 a5 11. Nc3 Ba6 12. Qd3 c5 13.
Nb5 Rc8 14. Rac1 cxd4 15. Nfxd4 e5 16. Nf5 Bxb5 17. cxb5 Rxc1 18. Bxc1 d4 19. e3 Nc5 20. Qc4 d3 21. Ba3 e4 22. Bxc5 Bxc5 23. Bxe4 d2 24. Bf3 Qd7 25. Nd4 Bb4 26. Nc6 Qf5 27. Kg2 Rc8 28. Qxb4 Rxc6 29. Qxd2 Rc8 30. Qd8+ Ne8 1-0

[Event "28th North American Open"]
[Site "Las Vegas"]
[Date "2018.12.30"]
[Round "8"]
[White "Vidyarthi, Vyom"]
[Black "Encinas Varela, David"]
[Result "1/2-1/2"]
[ECO "A45"]
[WhiteElo "2008"]
[BlackElo "1885"]
[PlyCount "116"]
[EventDate "2018.12.??"]
[EventType "swiss"]
[EventRounds "9"]
[EventCountry "USA"]
[TimeControl "6600+10"]
[WhiteClock "0:01:00"]
[BlackClock "0:07:16"]

1. d4 Nf6 2. Bf4 g6 3. Nc3 d6 4. e4 Bg7 5. Nf3 O-O 6. Be2 c6 7. O-O Qc7 8. Qd2 Re8 9. e5 Nh5 10. exd6 exd6 11. Bc4 Nxf4 12. Qxf4 b5 13. Bb3 Na6 14. Rfe1 Rf8 15. Ne4 d5 16. Nf6+ Bxf6 17. Qxf6 Be6 18. Ne5 Nb8 19. Qf4 Rc8 20. Qh6 Nd7 21. Nd3 Re8 22. a4 a6 23. Re3 Bf5 24. Rae1 Rxe3 25. Qxe3 Bxd3 26. Qxd3 Nf6 27. h3 Ne4 28. c3 Qf4 29. Qe3 Qxe3 30. Rxe3 Kf8 31. Bc2 Nd6 32. Re1 Re8 33. Rxe8+ Kxe8 34. axb5 axb5 35. Bd3 Ke7 36. f3 Nc8 37. Kf2 Nb6 38. b3 Nc8 39. Ke3 Nd6 40. g4 h6 41. h4 g5 42. hxg5 hxg5 43.
Kd2 Kd7 44. Kc2 Kc7 45. Kb2 Kb6 46. Ka3 c5 47. dxc5+ Kxc5 48. b4+ Kc6 49. Kb3 Nc4 50. Kc2 Kd6 51. Kd1 Nb2+ 52. Ke2 Nxd3 53. Kxd3 Ke5 54. Ke3 f5 55. gxf5 Kxf5 56. Kd3 Kf4 57. Ke2 Kf5 58. Kd3 Kf4 1/2-1/2

[Event "28th North American Open"]
[Site "Las Vegas"]
[Date "2018.12.29"]
[Round "8"]
[White "Li, Eric"]
[Black "Lynch, Joshua"]
[Result "1-0"]
[ECO "D20"]
[WhiteElo "2045"]
[BlackElo "2267"]
[PlyCount "95"]
[EventDate "2018.12.??"]
[EventType "swiss"]
[EventRounds "9"]
[EventCountry "USA"]
[TimeControl "6600+10"]
[WhiteClock "0:01:19"]
[BlackClock "0:03:40"]

1. d4 d5 2. c4 dxc4 3. e4 Nf6 4. e5 Nd5 5. Bxc4 Nb6 6. Bd3 Nc6 7. Ne2 Bg4 8. f3 Be6 9. Nbc3 Bd5 10. O-O e6 11. b3 Bb4 12. Bb2 Bxc3 13.
Bxc3 Qe7 14. Rc1 O-O-O 15. Qc2 Rd7 16. Qb2 a6 17. a4 Nb4 18.
Bb1 Bc6 19. Nf4 h5 20. Nd3 Nxd3 21. Bxd3 Nd5 22. Bd2 Nb4 23. Bxb4 Qxb4 24. Bxa6 Qb6 25. Rxc6 Qxc6 26. Bb5 Qd5 27. Bxd7+ Qxd7 28. Rc1 h4 29. h3 Rd8 30. Rc4 Kb8 31. Qa3 f6 32. Qc5 Qf7 33. Rb4 Rd5 34. Qc6 b6 35. a5 Rxa5 36. Rxb6+ cxb6 37. Qxb6+ Qb7 38. Qxa5 Qxb3 39. Qe1 Qc4 40. Qxh4 fxe5 41. Qh8+ Kb7 42. Qxg7+ Ka8 43.
Qxe5 Kb7 44. Kh2 Qa2 45. h4 Kc6 46. h5 Kd7 47. h6 Qd2 48.
Qg7+ 1-0

[Event "28th North American Open"]
[Site "Las Vegas"]
[Date "2018.12.30"]
[Round "9"]
[White "Li, Ruifeng"]
[Black "Bai, Jinshi"]
[Result "0-1"]
[ECO "C43"]
[WhiteElo "2559"]
[BlackElo "2568"]
[PlyCount "42"]
[EventDate "2018.12.??"]
[EventType "swiss"]
[EventRounds "9"]
[EventCountry "USA"]
[TimeControl "6600+10"]
[WhiteClock "0:12:55"]
[BlackClock "0:15:28"]

1. e4 e5 2. Bc4 Nf6 3. d4 exd4 4. Nf3 Bb4+ 5. c3 dxc3 6.
O-O O-O 7. e5 d5 8. exf6 dxc4 9. fxg7 Re8 10. Qa4 Nc6 11. bxc3 Bg4 12. cxb4 Bxf3 13. gxf3 Nd4 14. Qd1 Qf6 15. Kh1 Re2 16. h3 Qxf3+ 17. Kg1 Rd8 18. Be3 Qxh3 19. Bxd4 Qg4+ 20. Kh2 Rxd4 21. Nc3 Qh5+ 0-1

[Event "28th North American Open"]
[Site "Las Vegas"]
[Date "2018.12.30"]
[Round "9"]
[White "Zierk, Steven"]
[Black "Li, Zhaozhi"]
[Result "0-1"]
[ECO "B90"]
[WhiteElo "2510"]
[BlackElo "2399"]
[PlyCount "60"]
[EventDate "2018.12.??"]
[EventType "swiss"]
[EventRounds "9"]
[EventCountry "USA"]
[TimeControl "6600+10"]
[WhiteClock "0:07:34"]
[BlackClock "0:00:53"]

1. e4 c5 2. Nf3 d6 3. d4 cxd4 4. Nxd4 Nf6 5. Nc3 a6 6. h3 g6 7. Be3 Bg7 8. Qd2 b5 9. Bh6 Bxh6 10.
Qxh6 e5 11. Nb3 b4 12. Nd5 Nxd5 13. exd5 Bb7 14. Be2 Nd7 15. O-O Qb6 16. Rfd1 Ke7 17. Qh4+ Nf6 18. Nd2 Bxd5 19. Bf3 Bxf3 20. Nc4 g5 21. Qh6 Qc5 22. Nxd6 Rhg8 23. Nf5+ Ke6 24. Nd4+ exd4 25. Re1+ Kf5 26. g4+ Nxg4 27. hxg4+ Bxg4 28. f3 d3+ 29. Kf1 Bxf3 30. Qh3+ Bg4 0-1

[Event "28th North American Open"]
[Site "Las Vegas"]
[Date "2018.12.30"]
[Round "9"]
[White "Balakrishnan, Praveen"]
[Black "Hong, Andrew"]
[Result "1/2-1/2"]
[ECO "B94"]
[WhiteElo "2418"]
[BlackElo "2390"]
[PlyCount "49"]
[EventDate "2018.12.??"]
[EventType "swiss"]
[EventRounds "9"]
[EventCountry "USA"]
[TimeControl "6600+10"]
[WhiteClock "0:36:21"]
[BlackClock "1:00:42"]

1. e4 c5 2. Nf3 d6 3. d4 cxd4 4. Nxd4 Nf6 5. Nc3 a6 6. Bg5 Nbd7 7. Qe2 h6 8. Bh4 g6 9. f4 e5 10. fxe5 dxe5 11. O-O-O Qc7 12. Nb3 b5 13. Nd5 Nxd5 14. exd5 Bd6 15. Qd2 f5 16. g4 f4 17. Bd3 Kf7 18. Qg2 g5 19. Qe4 gxh4 20. Qg6+ Kf8 21. Bf5 e4 22. Bxd7 Bxd7 23. Qf6+ Kg8 24. Qg6+ Kf8 25. Qf6+ 1/2-1/2

[Event "28th North American Open"]
[Site "Las Vegas"]
[Date "2018.12.30"]
[Round "9"]
[White "Zhu, Jack"]
[Black "Mulyar, Michael"]
[Result "1-0"]
[ECO "C47"]
[WhiteElo "2364"]
[BlackElo "2398"]
[PlyCount "171"]
[EventDate "2018.12.??"]
[EventType "swiss"]
[EventRounds "9"]
[EventCountry "USA"]
[TimeControl "6600+10"]
[WhiteClock "0:17:17"]
[BlackClock "0:15:56"]

1. e4 e5 2. Nf3 Nc6 3. Nc3 Nf6 4. g3 Bc5 5. Bg2 d6 6. O-O a6 7. d3 h6 8. Be3 Bg4 9. h3 Bxf3 10. Qxf3 O-O 11. Qd1 Bxe3 12. fxe3 Ne7 13. Qe2 Ng6 14. Rf5 c6 15. Raf1 Nd7 16. Qh5 Qe8 17. h4 Qe6 18. Kh2 Ne7 19. R5f2 Qg6 20. Qxg6 Nxg6 21. Kh3 f6 22. g4 Ne7 23. h5 Nc5 24. Ne2 Ne6 25. Ng3 Ng5+ 26. Kh2 Rfd8 27. d4 Kf8 28. Rd1 Ke8 29. Bf1 Rd7 30. Kg2 Rad8 31. Rfd2 Nf7 32. Kf2 Ng5 33. c3 Nf7 34. a4 Ng5 35. b4 Nf7 36. Bg2 Ng5 37. Rb2 Ra8 38.
Ke2 a5 39. Ra1 axb4 40. cxb4 b6 41. a5 Rda7 42. Rba2 Kd7 43. Kd3 Kc7 44. Ne2 bxa5 45. bxa5 Rb8 46. Nc3 Ne6 47. Bf1 exd4 48. exd4 c5 49. d5 Nd4 50. Rb1 Rba8 51. Nb5+ Nxb5 52. Rxb5 Nc8 53. Ke3 Ne7 54. Be2 Ra6 55. Ra1 R8a7 56. Kf4 Ra8 57. Rab1 Rxa5 58. Rb7+ Kd8 59. Bb5 R5a7 60. Bd7 c4 61. Be6 g5+ 62. hxg6 Nxg6+ 63. Kf5 Ne5 64. Kxf6 Rxb7 65. Rxb7 Ra3 66. Bf5 c3 67. Rh7 Rb3 68. Ra7 Nd3 69. Rg7 Ne5 70. Rg8+ Kc7 71. Rc8+ Kb7 72. Ke7 Nf3 73. Kxd6 Nd4 74. Rc4 c2 75. e5 Rb6+ 76. Kd7 Rb5 77. Be4 Ka7 78. e6 Rb7+ 79. Kd8 Rb8+ 80. Ke7 Rb4 81. Rxc2 Nxc2 82. Bxc2 Kb6 83. Bf5 Rb2 84. d6 Rd2 85. d7 Kc7 86. Ke8 1-0

[Event "28th North American Open"]
[Site "Las Vegas"]
[Date "2018.12.30"]
[Round "9"]
[White "Zhang, Chao"]
[Black "Karthik Venkataraman"]
[Result "0-1"]
[ECO "E00"]
[WhiteElo "2225"]
[BlackElo "2527"]
[PlyCount "172"]
[EventDate "2018.12.??"]
[EventType "swiss"]
[EventRounds "9"]
[EventCountry "USA"]
[TimeControl "6600+10"]
[WhiteClock "0:09:04"]
[BlackClock "0:07:08"]

1. d4 Nf6 2. c4 e6 3. g3 c5 4. d5 exd5 5. cxd5 d6 6. Nc3 g6 7. Bg2 Bg7 8. Nf3 O-O 9. O-O Re8 10. Bf4 h6 11. Nb5 Bf8 12. a4 Na6 13. Nd2 g5 14. Be3 Bf5 15.
Nc4 Nb4 16. Rc1 Na2 17. Ra1 Nb4 18. Rc1 b6 19. Bd2 Nbxd5 20.
Be1 Be4 21. f3 Bg6 22. e4 a6 23. Nbxd6 Bxd6 24. exd5 b5 25. Nxd6 Qxd6 26. f4 Rad8 27. fxg5 hxg5 28. axb5 axb5 29. Bd2 Qe5 30. Ba5 Qe3+ 31. Kh1 Rxd5 32. Qf3 Qxf3 33. Rxf3 Ne4 34. Re3 Nf2+ 35. Kg1 Rxe3 36. Bxd5 Nd3 37. Rc2 b4 38. Rd2 Re5 39. Bc4 Re1+ 40. Kg2 Be4+ 41. Kh3 Ne5 42. Re2 g4+ 43. Kh4 Rxe2 44. Bxe2 Bd3 45. Bxg4 Nc4 46. Bd8 Nxb2 47. Be7 b3 48. Bxc5 Nc4 49. Bd4 b2 50. Bxb2 Nxb2 51. Kg5 Kg7 52. h4 Bh7 53. Kf4 Nd3+ 54. Ke3 Ne5 55. Bd1 Kf6 56. Kf4 Nd3+ 57. Kf3 Bf5 58. Ke3 Ne5 59. Kf4 Ng6+ 60. Kf3 Be6 61. Ke4 Bc8 62. Kf3 Bb7+ 63. Kg4 Be4 64. Bb3 Bd3 65. Bd1 Ne7 66. Kf4 Nd5+ 67. Kf3 Be4+ 68. Kf2 Ke5 69. Bh5 f5 70. Bd1 Nf6 71. Bb3 Bc6 72. Bc2 Bd5 73. Ke3 Be4 74. Bb3 Bh1 75. Bc2 Ne4 76. Bxe4 Bxe4 77. h5 Bb7 78. h6 Kf6 79. Kf4 Bc8 80. h7 Kg7 81. Kg5 Kxh7 82. Kh5 Kg7 83. Kg5 Bd7 84. Kf4 Kf6 85. Kf3 Kg5 86. Ke3 Kg4 0-1

[Event "28th North American Open"]
[Site "Las Vegas"]
[Date "2018.12.30"]
[Round "9"]
[White "Becerra Rivero, Julio"]
[Black "He, Anthony"]
[Result "1-0"]
[ECO "B31"]
[WhiteElo "2520"]
[BlackElo "2251"]
[PlyCount "89"]
[EventDate "2018.12.??"]
[EventType "swiss"]
[EventRounds "9"]
[EventCountry "USA"]
[TimeControl "6600+10"]
[WhiteClock "0:14:14"]
[BlackClock "0:02:51"]

1. e4 c5 2. Nf3 Nc6 3. Bb5 g6 4. O-O Bg7 5. Re1 e5 6. Bxc6 dxc6 7. d3 Qe7 8. a3 a5 9. a4 Nf6 10. Na3 Nd7 11. Nc4 O-O 12. h3 b6 13.
Bg5 f6 14. Bd2 Ba6 15. b3 Rfd8 16. Nh2 Qf7 17. Rb1 Bxc4 18. bxc4 f5 19. exf5 gxf5 20. Nf1 Qg6 21. Re3 Kh8 22. Rg3 Qf7 23. Qf3 Rac8 24. Rg5 f4 25. Bc3 h6 26. Rg4 Bf6 27. Qe4 Bg7 28. Rg6 Rf8 29. Nd2 Kg8 30. Nf3 Nf6 31. Qf5 Nd7 32. Qh5 Rfe8 33. Qxh6 Kf8 34. Qg5 Bf6 35. Qh5 Re6 36. Ng5 Bxg5 37. Qh8+ Ke7 38. Rxe6+ Qxe6 39. Qxc8 f3 40. Qh8 Kd6 41. Qh5 Bf4 42. Qxf3 Kc7 43. Re1 Qh6 44. Re2 Kd6 45. Qe4 1-0

[Event "28th North American Open"]
[Site "Las Vegas"]
[Date "2018.12.30"]
[Round "9"]
[White "Coleman, Teddy"]
[Black "Calugar, Arthur"]
[Result "0-1"]
[ECO "D10"]
[WhiteElo "2361"]
[BlackElo "2208"]
[PlyCount "108"]
[EventDate "2018.12.??"]
[EventType "swiss"]
[EventRounds "9"]
[EventCountry "USA"]
[TimeControl "6600+10"]
[WhiteClock "0:03:01"]
[BlackClock "0:02:29"]

1. d4 d5 2. c4 c6 3. Nc3 e5 4. dxe5 d4 5. Ne4 Qa5+ 6. Bd2 Qxe5 7. Ng3 c5 8.
Nf3 Qc7 9. e3 dxe3 10. Bxe3 Nf6 11. Bd3 Be7 12. Qd2 Nc6 13. Bf4 Qb6 14. O-O O-O 15. Ne5 Be6 16. Nxc6 Qxc6 17. Qc2 Rad8 18. Be5 h6 19. Nf5 Bxf5 20. Bxf5 Nd7 21. Bf4 Rfe8 22. Rad1 Nf8 23. Be4 Qb6 24. Bd5 Bf6 25. Be3 Ne6 26. b4 Bd4 27. bxc5 Qxc5 28. Qf5 Bxe3 29. fxe3 Qxe3+ 30. Kh1 Rd7 31. Rd3 Qe2 32. Rdf3 Rde7 33. R3f2 Qe3 34. Qh5 Nf4 35. Qf3 Nxd5 36. cxd5 Qxf3 37. Rxf3 f6 38. Rd3 Re3 39. Rxe3 Rxe3 40. Rd1 Kf7 41. Kg1 Ke7 42. a4 Ra3 43. d6+ Kd7 44. Rd4 a5 45. h4 Rb3 46. h5 Rb4 47. Rd3 Rxa4 48. Rg3 Kxd6 49. Rxg7 b5 50. Rg6 Ke5 51. Rxh6 b4 52. Rh8 b3 53. h6 b2 54. Re8+ Kf4 0-1

[Event "28th North American Open"]
[Site "Las Vegas"]
[Date "2018.12.30"]
[Round "9"]
[White "Ginsburg, Mark"]
[Black "Yanayt, Eugene"]
[Result "1/2-1/2"]
[ECO "E97"]
[WhiteElo "2336"]
[BlackElo "2122"]
[PlyCount "129"]
[EventDate "2018.12.??"]
[EventType "swiss"]
[EventRounds "9"]
[EventCountry "USA"]
[TimeControl "6600+10"]
[WhiteClock "0:08:16"]
[BlackClock "0:07:25"]

1. Nf3 Nf6 2. c4 g6 3. Nc3 Bg7 4. e4 d6 5. d4 O-O 6. Be2 e5 7. O-O Nc6 8. d5 Ne7 9. Bg5 h6 10. Bxf6 Bxf6 11. b4 Kh7 12. c5 Bd7 13. Nd2 Ng8 14. Bg4 Be7 15. Bxd7 Qxd7 16. Nc4 dxc5 17. Nxe5 Qe8 18. bxc5 Bxc5 19. Nf3 Rd8 20. Qb3 b6 21. Rad1 c6 22. dxc6 Rxd1 23. Rxd1 Qxc6 24. Ne5 Qf6 25. Nd3 Bd4 26. Nd5 Qe6 27. Qb4 Bg7 28. a4 f5 29. f3 fxe4 30. fxe4 Qg4 31. Re1 Re8 32. e5 Qf5 33. Qb5 Rd8 34. Re3 a6 35. Qb3 Qd7 36. N3f4 Ne7 37. Rd3 Nxd5 38. Rxd5 Qf7 39. Qd1 Rxd5 40. Nxd5 Bxe5 41. Nxb6 Qf4 42. Qd7+ Bg7 43. Nd5 Qd4+ 44. Kf1 h5 45. Qf7 Qd3+ 46. Kf2 Qc2+ 47. Kf3 Qc6 48. h4 Kh8 49. g3 Qxa4 50. Nf4 Qc6+ 51. Ke2 Qe4+ 52. Kd1 Kh7 53. Ne6 Qd3+ 54. Kc1 Qc3+ 55. Kd1 Qf6 56. Ng5+ Kh6 57. Qg8 Qf1+ 58. Kd2 Qf2+ 59. Kd1 Qd4+ 60. Ke2 Qb2+ 61. Kf1 Qc1+ 62. Kg2 Qc2+ 63. Kh3 Qf5+ 64. Kg2 Qc2+ 65. Kh3 1/2-1/2

[Event "28th North American Open"]
[Site "Las Vegas"]
[Date "2018.12.30"]
[Round "9"]
[White "Andersen, Gunnar"]
[Black "Chua, Alexander"]
[Result "0-1"]
[ECO "B51"]
[WhiteElo "2194"]
[BlackElo "2291"]
[PlyCount "114"]
[EventDate "2018.12.??"]
[EventType "swiss"]
[EventRounds "9"]
[EventCountry "USA"]
[TimeControl "6600+10"]
[WhiteClock "0:50:52"]
[BlackClock "0:17:42"]

1. e4 c5 2. Nf3 d6 3. Bb5+ Nd7 4. d4 cxd4 5. Qxd4 a6 6. Bxd7+ Bxd7 7. O-O e5 8. Qd3 h6 9. Nc3 Nf6 10. Re1 Be7 11. Nd2 O-O 12. Nc4 Be6 13. Be3 Bxc4 14. Qxc4 Rc8 15. Qd3 b5 16. Rad1 Qa5 17. a3 Rc4 18. Bd2 Qc7 19. Re3 Rd4 20.
Qe2 Qb7 21. Re1 Rc8 22. Rg3 Kf8 23. Be3 Rdc4 24. Bc1 a5 25.
Qf3 b4 26. axb4 axb4 27. Nd5 Nxd5 28. exd5 Rxc2 29. Be3 Qd7 30. Qh5 Bf6 31. Bxh6 Rxb2 32. Bxg7+ Bxg7 33. Qh7 f6 34. h4 Rc3 35. Ra1 Rbc2 36. Ra8+ Rc8 37. Rxc8+ Rxc8 38. h5 Rc1+ 39. Kh2 Rc4 40. h6 Rh4+ 41. Rh3 Rxh3+ 42. gxh3 Qf7 43. hxg7+ Qxg7 44. Qe4 Qb7 45. Qh4 Qxd5 46. Qxf6+ Ke8 47. Qg6+ Qf7 48.
Qxd6 Qxf2+ 49. Kh1 Qd4 50. Qc6+ Ke7 51. Qb7+ Kd6 52. Qb8+ Kc5 53. Qc7+ Kb5 54. Qb8+ Kc4 55. Qc8+ Kd3 56. Qa6+ Ke3 57. Qa2 Qd1+ 0-1

[Event "28th North American Open"]
[Site "Las Vegas"]
[Date "2018.12.30"]
[Round "9"]
[White "Yang, Kevin"]
[Black "Kumar, Nikhil"]
[Result "1/2-1/2"]
[ECO "A05"]
[WhiteElo "2135"]
[BlackElo "2281"]
[PlyCount "93"]
[EventDate "2018.12.??"]
[EventType "swiss"]
[EventRounds "9"]
[EventCountry "USA"]
[TimeControl "6600+10"]
[WhiteClock "1:32:54"]
[BlackClock "0:03:56"]

1. Nf3 Nf6 2. g3 b6 3. Bg2 Bb7 4. d3 d5 5. O-O e6 6. Nbd2 Be7 7. e4 dxe4 8. Ng5 c5 9. Ndxe4 Nxe4 10. Nxe4 Nc6 11. Be3 Qc7 12. Qh5 g6 13. Qf3 f5 14. Ng5 Nd8 15. Qf4 e5 16. Qa4+ Bc6 17. Bxc6+ Qxc6 18. Qxc6+ Nxc6 19. Nf3 Bf6 20. c3 O-O 21. Kg2 Rad8 22. Rad1 Rd7 23. Rd2 Bg7 24. Rdd1 Rd6 25. Rfe1 Rfd8 26. Bg5 R8d7 27. d4 cxd4 28. cxd4 e4 29. Nd2 Rxd4 30. Rc1 Ne5 31. Rc8+ Kf7 32. Re2 Nd3 33. b3 R4d5 34. f3 exf3+ 35. Nxf3 Nc5 36. Bf4 h6 37. h4 Ne4 38. Rec2 Rd3 39. R8c7 Ke7 40. R7c6 Kf7 41. b4 Rc3 42. R2xc3 Nxc3 43. Bxh6 Bf6 44. Bg5 Bg7 45. Bh6 Bf6 46. Bg5 Bg7 47. Bh6 1/2-1/2